 Dungeon Crawl Stone Soup version 0.26-a0-694-g74916bafe0 (webtiles) character file.

Game seed: 2576321893116743050

17 Peloso the Skirmisher (level 2, 27/27 HPs)
             Began as a Minotaur Fighter on Oct 25, 2020.
             Got out of the dungeon alive.
             The game lasted 00:02:04 (539 turns).

Peloso the Skirmisher (Minotaur Fighter)             Turns: 539, Time: 00:02:05

Health: 27/27      AC:  7    Str: 20    XL:     2   Next: 44%
Magic:  1/1        EV:  7    Int:  5    God:
Gold:   32         SH:  9    Dex:  9    Spells: 1/1 levels left

rFire    . . .     SeeInvis .   b - -2 hand axe (curse)
rCold    . . .     Faith    .   c - +0 kite shield
rNeg     . . .     Spirit   .   j - +0 scale mail
rPois    .         Reflect  .   (helmet restricted)
rElec    .         Harm     .   (no cloak)
rCorr    .         Rampage  .   (no gloves)
MR       .....                  (no boots)
Stlth    ..........             (no amulet)
HPRegen  0.09/turn              (no ring)
MPRegen  0.07/turn              (no ring)

@: very slightly contaminated
A: retaliatory headbutt, horns 2, deterioration 1, high mp 1
a: no special abilities


You escaped.
You visited 1 branch of the dungeon, and saw 1 of its levels.

You collected 32 gold pieces.

Inventory:

Hand Weapons
 a - a +0 long sword
 b - a cursed -2 hand axe (weapon)
Armour
 c - a +0 kite shield (worn)
 j - a +0 scale mail (worn)
Jewellery
 i - an uncursed ring of wizardry {unknown}
Scrolls
 e - a scroll of identify {unknown}
Potions
 d - a potion of might
 g - 2 potions of degeneration {unknown}
 h - a potion of invisibility


   Skills:
 + Level 3.9 Fighting
 + Level 3.0 Long Blades
 + Level 3.9 Armour
 + Level 3.8 Shields


You had one spell level left.
You didn't know any spells.
Your spell library was empty.

Dungeon Overview and Level Annotations

Branches:
Dungeon (1/15)

Altars:


Innate Abilities, Weirdness & Mutations

You reflexively headbutt those who attack you in melee.
You have a pair of horns on your head.
Your body sometimes deteriorates upon taking damage.
You have an increased reservoir of magic. (+10% MP)


Message History

A goblin is nearby!
A goblin is nearby!
You slash the goblin!
You kill the goblin!
You see here a goblin corpse.
It was a potion of curing.
You feel better.
Okay, then.
It was a potion of invisibility.
You fade into invisibility!
You are very lightly contaminated with residual magic.
It was a potion of mutation.
You feel extremely strange.
You feel yourself wasting away.
You feel more energetic.
(D) Dungeon
Where to? (? - help)
What level of the Dungeon? (default 1, ? - help)
You flicker for a moment.
You flicker back into view.
There is a staircase leading out of the dungeon here.
Are you sure you want to leave the Dungeon?
This will make you lose the game!
You have escaped!

........).##...# *.#*#..# #.##
############...# *..*#..# #.##
##### *,,,* **,*#..####.##
###...### ***** *,,#.........
#.......## ##### *#.#.........
.........######...####.#.........
....8......##.......##...........
.........##..........#.#.........
#.......####....@....#.#......)).
###...### #.........#.#....(.)..
####.### ##......[##.#.........
###...######...####...........
##.......######### #.....###.##
#................###.....# #.#
#....8....##....#..#.....# #.#
#.........###.##...#.....# #.#
##.......##....#..(#.....# #.#


There were no monsters in sight!

Vanquished Creatures
  An ooze (D:1)
  2 giant cockroaches (D:1)
  3 goblins (D:1)
  2 hobgoblins (D:1)
  A kobold (D:1)
  A bat (D:1)
  A frilled lizard (D:1)
  A rat (D:1)
12 creatures vanquished.

Notes
Turn   | Place    | Note
-------+----------+-------------------------------------------
     0 | D:1      | Peloso the Minotaur Fighter began the quest for the Orb.
     0 | D:1      | Reached XP level 1. HP: 19/19 MP: 0/0
   162 | D:1      | Reached XP level 2. HP: 18/27 MP: 1/1
   489 | D:1      | Gained mutation: Your body sometimes deteriorates upon
                  | taking damage. [potion of mutation]
   489 | D:1      | Gained mutation: You have an increased reservoir of magic.
                  | (+10% MP) [potion of mutation]
   539 | D:$      | Got out of the dungeon alive.

Illustrated notes

Levels and vault maps discovered:
D:1:      dpeg_arrival_three_same_balls, layout_basic, hangedman_feature_mirror,
          minmay_misc_feat_tower

Skill      XL: |  1 |
---------------+----+-----
Long Blades    | 3 |  3.0
Fighting       | |  3.9
Armour         | |  3.9
Shields        | |  3.8

Action                   || total
-------------------------++-------
Melee: Long sword        ||    14
       Headbutt          ||     5
       Hand axe          ||    11
  Use: Potion            ||     3
       Scroll            ||     2
Armor: Scale mail        ||    18
Dodge: Dodged            ||    11
Block: Kite shield       ||    16
       Rpst.: Long sword ||     1

Table legend: (Time is in decaauts)
 A = Elapsed time spent in this place.
 B = Non-inter-level travel time spent in this place.
 C = Inter-level travel time spent in this place.
 D = Time resting spent in this place.
 E = Time spent auto-exploring this place.
 F = Levels seen in this place.
 G = Mean time per level.
                   A        B        C        D        E       F      G
               +--------+--------+--------+--------+--------+-----+--------+
         Total |    548 |    500 |     48 |      0 |    376 |   1 |  548.0 |
       Dungeon |    548 |    500 |     48 |      0 |    376 |   1 |  548.0 |
               +--------+--------+--------+--------+--------+-----+--------+

Top non-repeatable levels by time:
     D:1: 548 daAuts
